 Dungeon Crawl Stone Soup version 0.24.0-28-g17ded55e90 (webtiles) character file.

Game seed: 6534234831319710030, levelgen mode: deterministic

25069 Delamore the Severer (level 13, -2/130 HPs)
             Began as a Hill Orc Fighter on Nov 11, 2019.
             Was the Champion of Okawaru.
             Engulfed by an ice statue's freezing vapour (10 damage)
             ... in an ice cave.
             The game lasted 00:32:30 (12174 turns).

Delamore the Severer (Hill Orc Fighter)            Turns: 12174, Time: 00:32:31

Health: -2/130     AC: 27    Str: 24    XL:     13   Next: 17%
Magic:  13/13      EV:  5    Int:  8    God:    Okawaru [******]
Gold:   534        SH: 11    Dex: 10    Spells: 12/12 levels left

rFire    . . .     SeeInvis .   H - +0 broad axe (flame)
rCold    . . .     Gourm    .   g - +2 shield {reflect}
rNeg     + . .     Faith    .   v - +4 plate armour
rPois    .         Spirit   .   E - +1 hat {MR+}
rElec    .         Reflect  +   B - scarf {repulsion}
rCorr    .         Harm     .   (no gloves)
MR       +....                  (no boots)
Stlth    ..........             (no amulet)
HPRegen  0.31/turn              m - +5 ring of protection
MPRegen  0.13/turn              y - ring of positive energy

@: repel missiles
A: talons 1, iridescent scales 1, robust 1
a: Heroism, Finesse, Renounce Religion


You were in an ice cave.
You worshipped Okawaru.
Okawaru was exalted by your worship.
You were not hungry.

You visited 2 branches of the dungeon, and saw 13 of its levels.
You also visited: Ice Cave.

You collected 766 gold pieces.
You spent 232 gold pieces at shops.

Inventory:

Hand Weapons
 A - a +4 hand axe of freezing
 H - a +0 broad axe of flaming (weapon)
Missiles
 D - 3 javelins (quivered)
Armour
 g - a +2 shield of reflection (worn)
 v - a +4 plate armour (worn)
 B - a scarf of repulsion (worn)
 E - a +1 hat of magic resistance (worn)
Jewellery
 m - a +5 ring of protection (left hand)
 w - a +2 ring of dexterity
 y - a ring of positive energy (right hand)
Wands
 b - a wand of paralysis (6)
 e - a wand of enslavement (5)
 z - a wand of random effects (19)
 F - a wand of digging (5)
 J - a wand of polymorph (9)
 K - a wand of disintegration (8)
Scrolls
 a - 4 scrolls of fear
 h - 5 scrolls of enchant armour
 i - 5 scrolls of teleportation
 k - a scroll of amnesia
 l - 6 scrolls of fog
 n - 2 scrolls of identify
 s - 4 scrolls of blinking {unknown}
 t - 2 scrolls of remove curse
 u - 4 scrolls of magic mapping
 x - 2 scrolls of enchant weapon {unknown}
Potions
 c - a potion of flight {unknown}
 d - 3 potions of might
 o - 2 potions of degeneration {unknown}
 p - 2 potions of cancellation
 q - a potion of magic {unknown}
 r - 5 potions of curing
 C - 2 potions of lignification
 G - 3 potions of haste
Comestibles
 f - 22 rations
 I - 9 chunks of flesh


   Skills:
 * Level 12.5 Fighting
 + Level 19.5 Axes
 * Level 11.7 Armour
 - Level 3.2 Shields


You had 12 spell levels left.
You didn't know any spells.
Your spell library contained the following spells:

 Spells                   Type           Power        Failure   Level  Hunger
 Corona                   Hex            #......      100%        1    ##.....
 Slow                     Hex            #.......     100%        2    ###....
 Inner Flame              Hex/Fire       #.......     100%        3    ####...
 Portal Projectile        Hex/Tloc       #.....       100%        3    ####...
 Cause Fear               Hex            #.........   100%        4    #####..
 Leda's Liquefaction      Hex/Erth       #.........   100%        4    #####..


Dungeon Overview and Level Annotations

Branches:
Dungeon (11/15)            Temple (0/1) D:6            Lair (2/6) D:8
    Orc (0/2) D:10          IceCv (1/1)
  Swamp: Lair:2-4    Shoals: Lair:2-4     Snake: Lair:2-4    Spider: Lair:2-4

Altars:
Ashenzari
Cheibriados
Dithmenos
Elyvilon
Kikubaaqudgha
Nemelex Xobeh
Okawaru
Qazlal
Ru
Trog
Uskayaw
Xom

Shops:
D:7 *   D:9 [?[[

Annotations:
IceCv exclusion: ice statue


Innate Abilities, Weirdness & Mutations

You have sharp toenails.
You are partially covered in iridescent scales. (AC +2)
You are robust. (+10% HP)


Message History

You feel much better.
You are engulfed in freezing vapours.
* * * LOW HITPOINT WARNING * * *
The ice statue gestures.
Evoke which item? (* to show all) (? for menu, Esc to quit)
Aiming: Disintegrate
Press: ? - help, Shift-Dir - straight line, f - ice statue
Aim: an ice statue (freezing vapour, severely damaged, magic immune)
The ice statue is unaffected.
You are engulfed in freezing vapours.
The ice statue gestures at you.
The shard of ice is repelled.
Evoke which item? (* to show all) (? for menu, Esc to quit)
Aiming: Disintegrate
Press: ? - help, Shift-Dir - straight line, f/p - ice statue
Aim: an ice statue (freezing vapour, severely damaged, magic immune)
Okay, then.
You hit the ice statue but do no damage.
You claw the ice statue, but do no damage.
The ice statue is severely damaged.
You hit the ice beast but do no damage.
You are engulfed in freezing vapours.
You die...

# ###. ##.. ##
####... ###.
#..°.Y## ###..#
#..8○°## #..###
#Y@°○##########..#
###.○.##÷..##...#..
###...##...######
##########


You could see an ice statue and 2 ice beasts.

Vanquished Creatures
  Gastronok (D:8)
  Erolcha (D:9)
  Fannar (D:10)
  3 hydras
  Pikel (D:5)
  A cyclops (D:11)
  Joseph (D:9)
  A spiny frog (Lair:1)
  3 rime drakes
  3 trolls
  8 polar bears (IceCv)
  Prince Ribbit (D:9)
  3 hippogriffs
  The ghost of Linguinho the Shield-Bearer, an amateur TrFi of the Shining One (D:3)
  2 wraiths
  A spriggan (D:8)
  48 yaks
  A wyvern (D:10)
  3 water moccasins
  2 porcupines (Lair:1)
  2 black bears
  A sky beast (D:6)
  4 phantoms
  3 ice beasts
  4 orc warriors
  4 ogres
  22 wolves
  A centaur (D:9)
  4 bullfrogs
  A jelly (D:8)
  4 scorpions
  3 killer bees (D:11)
  4 wights (D:6)
  3 electric eels
  2 howler monkeys
  A bullfrog zombie (D:5)
  A centaur zombie (D:6)
  6 crimson imps
  A quasit (D:6)
  11 hounds
  9 orc priests
  2 gnoll shamans
  5 orc wizards
  3 bullfrog skeletons
  4 centaur skeletons
  Terence (D:2)
  2 iguanas
  9 worker ants
  A hound zombie (D:8)
  A worker ant zombie (D:9)
  7 gnolls
  11 adders
  5 shadow imps
  2 oozes (D:2)
  An adder skeleton (D:9)
  An adder zombie (D:5)
  2 worms
  2 dart slugs (D:2)
  4 leopard geckos
  55 orcs
  9 bats
  8 giant cockroaches
  7 goblins
  10 hobgoblins
  2 jackals (D:8)
  3 quokkas
  2 ball pythons
  4 frilled lizards
  A jackal skeleton (D:4)
  13 kobolds
  2 leopard gecko skeletons (D:4)
  A quokka skeleton (D:6)
  6 rats
363 creatures vanquished.

Vanquished Creatures (others)
  A slave (D:5)
  A wolf (IceCv)
  A crimson imp (D:9)
  A hound (D:8)
  2 orc priests (D:5)
  An orc wizard (D:8)
  2 gnolls (D:5)
  An ooze (D:5)
  3 orcs
13 creatures vanquished.

Grand Total: 376 creatures vanquished

Notes
Turn   | Place    | Note
-------+----------+-------------------------------------------
     0 | D:1      | Delamore the Hill Orc Fighter began the quest for the Orb.
     0 | D:1      | Reached XP level 1. HP: 19/19 MP: 1/1
   116 | D:1      | Reached skill level 3 in Axes
   223 | D:1      | Reached XP level 2. HP: 26/26 MP: 2/2
   276 | D:1      | Reached skill level 4 in Axes
   730 | D:1      | Reached XP level 3. HP: 31/31 MP: 3/3
   922 | D:2      | Found an ancient bone altar of Kikubaaqudgha.
   928 | D:2      | Reached skill level 5 in Axes
   973 | D:2      | Noticed Terence
   982 | D:2      | Killed Terence
   982 | D:2      | Reached XP level 4. HP: 39/39 MP: 4/4
  1121 | D:2      | Reached skill level 6 in Axes
  1163 | D:2      | Found a white marble altar of Elyvilon.
  1713 | D:3      | Reached XP level 5. HP: 31/45 MP: 5/5
  1720 | D:3      | Reached skill level 7 in Axes
  1961 | D:3      | Found a snail-covered altar of Cheibriados.
  1964 | D:3      | Found a shadowy altar of Dithmenos.
  1967 | D:3      | Found a sparkling altar of Nemelex Xobeh.
  2035 | D:3      | Found a runed translucent door.
  2041 | D:3      | Noticed Linguinho's ghost (amateur TrFi)
  2079 | D:3      | Found an iron altar of Okawaru.
  2081 | D:3      | Found a bloodstained altar of Trog.
  2154 | D:3      | Became a worshipper of Warmaster Okawaru
  2481 | D:4      | Found a stormy altar of Qazlal.
  2600 | D:4      | Reached skill level 8 in Axes
  2600 | D:4      | Reached XP level 6. HP: 32/51 MP: 6/6
  2751 | D:3      | Killed Linguinho's ghost
  2751 | D:3      | Reached skill level 9 in Axes
  2920 | D:4      | Noticed a phantom
  2922 | D:4      | Reached * piety under Okawaru
  2922 | D:4      | Reached XP level 7. HP: 57/57 MP: 7/7
  2979 | D:4      | Reached skill level 10 in Axes
  3191 | D:5      | Entered Level 5 of the Dungeon
  3683 | D:5      | Reached skill level 11 in Axes
  3717 | D:5      | You fall into a shaft and drop 1 floor!
  3806 | D:6      | Reached XP level 8. HP: 61/64 MP: 8/8
  3829 | D:6      | Reached skill level 12 in Axes
  3873 | D:6      | Reached ** piety under Okawaru
  3882 | D:5      | Noticed Pikel
  3891 | D:5      | Killed Pikel
  3891 | D:5      | Reached skill level 13 in Axes
  4017 | D:5      | Reached *** piety under Okawaru
  4493 | D:6      | Reached skill level 14 in Axes
  4493 | D:6      | Reached XP level 9. HP: 70/70 MP: 9/9
  4769 | D:6      | Found a staircase to the Ecumenical Temple.
  4885 | D:7      | Reached skill level 15 in Axes
  5018 | D:7      | Reached **** piety under Okawaru
  5109 | D:7      | Found Zoraf's General Store.
  5213 | D:7      | Found a shadowy altar of Dithmenos.
  5259 | D:7      | Noticed a troll
  5271 | D:7      | Killed a troll
  5271 | D:7      | Reached skill level 16 in Axes
  5727 | D:8      | Reached XP level 10. HP: 78/78 MP: 10/10
  6087 | D:8      | Found a staircase to the Lair.
  6107 | D:8      | Reached skill level 5 in Fighting
  6429 | D:8      | Found a sacrificial altar of Ru.
  6453 | D:8      | Found a shimmering altar of Xom.
  6454 | D:8      | Found a shimmering altar of Xom.
  6482 | D:8      | Found a shimmering altar of Xom.
  6551 | D:8      | Found a shattered altar of Ashenzari.
  6604 | D:8      | Noticed Gastronok
  6635 | D:8      | Killed Gastronok
  6635 | D:8      | Reached ***** piety under Okawaru
  6635 | D:8      | Received a gift from Okawaru
  6635 | D:8      | Reached skill level 17 in Axes
  6839 | D:9      | Found Ticvy's Antique Armour Shoppe.
  6843 | D:9      | Noticed Joseph
  6880 | D:9      | Killed Joseph
  6880 | D:9      | Reached XP level 11. HP: 63/92 MP: 11/11
  7132 | D:9      | Bought an embroidered scarf for 208 gold pieces
  7158 | D:9      | Noticed a seven-headed hydra
  7174 | D:9      | Found Yzxelin's Armour Emporium.
  7433 | D:9      | Noticed Prince Ribbit
  7450 | D:9      | Killed Prince Ribbit
  7571 | D:9      | Found a hide-covered altar of Uskayaw.
  7626 | D:9      | Found Goawariguu's Armour Shoppe.
  7707 | D:9      | Noticed Erolcha
  7720 | D:9      | Killed Erolcha
  7720 | D:9      | Received a gift from Okawaru
  8334 | D:9      | Killed a three-headed hydra
  8415 | D:9      | Found Atuahul's Magic Scroll Shoppe.
  8418 | D:9      | Bought a scroll of noise for 12 gold pieces
  8418 | D:9      | Bought a scroll of random uselessness for 12 gold pieces
  8425 | D:9      | Gained mutation: You have supernaturally acute eyesight.
                  | (SInv) [potion of mutation]
  8425 | D:9      | Gained mutation: Your movements are slightly less
                  | encumbered by armour. (ER -2) [potion of mutation]
  8426 | D:9      | Lost mutation: You have supernaturally acute eyesight.
                  | (SInv) [potion of mutation]
  8426 | D:9      | Lost mutation: Your movements are slightly less encumbered
                  | by armour. (ER -2) [potion of mutation]
  8426 | D:9      | Gained mutation: You have sharp toenails. [potion of
                  | mutation]
  8426 | D:9      | Gained mutation: You are partially covered in iridescent
                  | scales. (AC +2) [potion of mutation]
  8426 | D:9      | Gained mutation: You are robust. (+10% HP) [potion of
                  | mutation]
  8708 | D:10     | Entered Level 10 of the Dungeon
  8792 | D:10     | Reached skill level 18 in Axes
  8957 | D:10     | Found a staircase to the Orcish Mines.
  9137 | D:10     | Noticed Fannar
  9151 | D:10     | Killed Fannar
  9442 | D:11     | Received a gift from Okawaru
  9524 | D:11     | Reached XP level 12. HP: 82/116 MP: 12/12
  9525 | D:11     | Reached skill level 10 in Fighting
 10365 | Lair:1   | Entered Level 1 of the Lair of Beasts
 10365 | Lair:1   | Noticed a seven-headed hydra
 10372 | Lair:1   | Killed a three-headed hydra
 10372 | Lair:1   | Reached skill level 10 in Armour
 10691 | Lair:1   | Noticed a seven-headed hydra
 10700 | Lair:1   | Killed a three-headed hydra
 10700 | Lair:1   | Reached skill level 19 in Axes
 11246 | Lair:1   | Reached ****** piety under Okawaru
 11246 | Lair:1   | Received a gift from Okawaru
 11440 | Lair:2   | Found a frozen archway.
 11459 | IceCv    | Entered an ice cave
 11867 | IceCv    | Reached XP level 13. HP: 129/129 MP: 13/13
 12169 | IceCv    | HP: 2/130 [ice statue/shard of ice (21)]
 12174 | IceCv    | Engulfed by an ice statue's freezing vapour

Levels and vault maps discovered:
D:1:      tarquinn_simple_flora_water_a, layout_loops_corners
D:2:      minmay_razor_zed, layout_rooms, overflow_temple_1_default,
          elyvilon_altar_1, first_ration, kennysheep_generic_room_6,
          uniq_terence
D:3:      layout_rooms, chequers_temple_overflow_statue_of_worship,
          minmay_overflow_temple_star_quad, ebering_ghost_sewer_d,
          guppyfry_early_lair_pool
D:4:      layout_loops_ring, grunt_qazlal_sundering, minmay_misc_feat_chi,
          kennysheep_cluttered_room
D:5:      layout_loops_ring, serial_bayou_pond_e, minmay_curled_crystal,
          uniq_pikel
D:6:      layout_rooms, temple_statues
D:7:      layout_basic, basic_altar, serial_shops, nicolae_shop_stone
D:8:      layout_loops_ring, nicolae_ru_path_of_blood, xom_shifter_show,
          erik_lair_island, the_bakery, evilmike_ruin_ashenzari, uniq_gastronok
D:9:      layout_layer_cave, nicolae_overflow_crystal_walls, serial_shops, shop,
          nicolae_shop_behind_doors, nicolae_shop_crystal, shop,
          kennysheep_generic_room_2, uniq_joseph, uniq_erolcha,
          uniq_prince_ribbit1
D:10:     layout_cave_pools, hiddenorc2_lemuel, uniq_fannar
D:11:     layout_loops_ring, corexii_checkpoint_b
Lair:1:   layout_regular_city
Lair:2:   layout_regular_city, portal_ice_cave_rime
IceCv:    ice_cave_caverns_01

Skill      XL: |  1  2  3  4  5  6  7  8  9 10 11 12 |
---------------+-------------------------------------+-----
Axes           | 3 4 5 6 8 9 11 14 16 17 18 19 | 19.5
Fighting       | 4 7 9 12 | 12.5
Armour         | 6 9 11 | 11.7
Shields        | |  3.2

Action                   |  1- 3 |  4- 6 |  7- 9 | 10-12 | 13-15 || total
-------------------------+-------+-------+-------+-------+-------++-------
Melee: War axe           |    86 |   136 |       |       |       ||   222
       Hand axe          |       |    38 |   378 |   262 |       ||   678
       Broad axe         |       |       |       |   406 |    96 ||   502
       Kick              |       |       |       |   105 |    37 ||   142
Invok: Heroism           |       |       |       |     2 |       ||     2
       Finesse           |       |       |       |     2 |       ||     2
Evoke: Wand              |       |       |       |     3 |     1 ||     4
  Use: Scroll            |       |       |       |    14 |       ||    14
       Potion            |       |       |       |     2 |     2 ||     4
  Eat: Chunk             |       |     7 |     9 |    17 |     1 ||    34
       Ration            |       |       |       |     1 |       ||     1
Armor: Plate armour      |    61 |   128 |   199 |   337 |    58 ||   783
Dodge: Dodged            |     8 |    24 |    38 |    83 |    19 ||   172
       Deflected         |       |       |       |     2 |     1 ||     3
Block: Shield            |    48 |    93 |   130 |   266 |    52 ||   589
       Reflection        |       |       |       |     2 |       ||     2
